 Dungeon Crawl Stone Soup version 0.32-a0-136-gc02482bde3 (webtiles) character file.

Game seed: 14556750824319914275

478 Ceno the Changeling (level 7, -1/43 HPs)
             Began as an Octopode Shapeshifter on Feb 10, 2024.
             Was an Initiate of Gozag.
             Slain by a human zombie (3 damage)
             ... in an ossuary.
             The game lasted 00:05:36 (3236 turns).

Ceno the Changeling (Octopode Shapeshifter)         Turns: 3236, Time: 00:05:40

Health: -1/43      AC:  1    Str: 13    XL:     7   Next: 11%
Magic:  7/7        EV: 13    Int: 13    God:    Gozag
Gold:   134        SH:  0    Dex: 13    Spells: 6/6 levels left

rFire   + .          .
                       - Unarmed
rCold   + . .        (no shield)
rNeg    . . .        (helmet currently unavailable)
rPois   +            (no amulet)
rElec   +            (no ring)
rCorr   +            (no ring)
SInv    .            (no ring)
Will    .....        (no ring)
Stlth   ++++         (no ring)
HPRegen 0.27/turn    (no ring)
MPRegen 0.10/turn    (no ring)
                     (no ring)

%: no passive effects
@: brilliant, beast-form, resistant, gold aura
A: beast (slay +3), almost no armour, amphibious, 8 rings, camouflage 1,
gelatinous body 1, (nimble swimmer 1), tentacles
a: Begin Untransformation, Renounce Religion, Potion Petition, Call Merchant,
Bribe Branch


You were in an ossuary.
You worshipped Gozag.
Gozag was aware of your devotion.
You were a hulking beast.
You visited 1 branch of the dungeon, and saw 4 of its levels.
You also visited: Ossuary.

You collected 151 gold pieces.
You paid 17 gold pieces to Gozag.

Inventory:

Missiles
 h - 33 stones (quivered)
 p - 3 poisoned darts
Talismans
 b - a beast talisman
 c - a flux talisman
 m - a maw talisman
Scrolls
 d - 2 scrolls of identify {unknown}
 e - a scroll of summoning {unknown}
 f - a scroll of revelation {unknown}
 g - 4 scrolls of teleportation {unknown}
 i - a scroll of enchant armour {unknown}
 j - a scroll of silence {unknown}
 l - a scroll of fear {unknown}
 n - a scroll of noise {unknown}
 r - a scroll of poison {unknown}
Potions
 a - a potion of lignification


   Skills:
 - Level 1.2 Fighting
 - Level 2.0 Dodging
 + Level 5.7 Stealth
 - Level 3.0 Unarmed Combat
 * Level 6.1 Shapeshifting


You had 6 spell levels left.
You didn't know any spells.
Your spell library contained the following spells:

 Spells                   Type           Power      Damage    Failure   Level
 Leda's Liquefaction      Alch/Erth      0%         N/A       97%         4
 Lee's Rapid Deconstruct  Erth           0%         3d4*      100%        5
 Bombard                  Conj/Erth      0%         9d1       100%        6


Dungeon Overview and Level Annotations

Branches:
Dungeon (4/15)            Ossuary (1/1)
 Temple: D:4-7

Altars:
Gozag
Okawaru

Annotations:
D:4 exclusion: phantom


Innate Abilities, Weirdness & Mutations

You are a hulking beast.
Your limbs bulge with bestial killing power. (Slay +3)
You cannot wear most types of armour.
You are amphibious.
You can wear up to eight rings at the same time.
Your skin changes colour to match your surroundings (Stealth+).
Your rubbery body absorbs attacks. (AC +1, EV +1)
((You are camouflaged when in or above water. (Stealth+)))
You have tentacles for arms and can constrict up to eight enemies at once.


Message History

The gnoll zombie is distracted by your dazzling golden aura.
The adder zombie barely misses you.
You closely miss the adder zombie. You grab the adder zombie.
Your squeeze misses the adder zombie.
The adder zombie is lightly damaged.
You constrict the adder zombie, but do no damage.
You constrict the human zombie.
You feel sick. The human zombie misses you.
The adder zombie closely misses you.
You tentacle-slap the adder zombie.
The adder zombie is moderately damaged.
You constrict the adder zombie. You constrict the human zombie.
You feel sick. The adder zombie bites you.
* * * LOW HITPOINT WARNING * * *
You tentacle-slap the adder zombie.
The adder zombie is heavily damaged.
You constrict the adder zombie. You constrict the human zombie.
You feel sick. The human zombie hits you.
* * * LOW HITPOINT WARNING * * *
The adder zombie bites you.
* * * LOW HITPOINT WARNING * * *
It was a potion of curing.
You feel better.
You constrict the adder zombie. You constrict the human zombie.
The gnoll zombie is no longer distracted by gold.
The human zombie hits you.
* * * LOW HITPOINT WARNING * * *
The adder zombie misses you.
It was a potion of resistance.
You feel protected.
You constrict the adder zombie.
You destroy the adder zombie!
You constrict the human zombie.
The human zombie hits you but does no damage.
The gnoll zombie barely misses you.
It was a potion of brilliance.
You feel clever all of a sudden.
You constrict the human zombie. The adder zombie bites you.
* * * LOW HITPOINT WARNING * * *
The human zombie hits you.
You die...
Your body crumbles into a pile of gold.

#+## ########'#######'##
s....#.....#...#...#...#
.....#.....'...#...ß...#
.....ß.....#...#.......#
...........######ß...ß##
...........#M??#.......#
#ß.....ß###?..#...ß...#
........Z$.#!..#...#...#
........Zh.##+###'######
.....ß..Z..# #...#...#
.....#.....+ #.∩.'.∩.#
.....#.....# #...#...#
#### ####### #########


You could see an adder zombie, a gnoll zombie and a human zombie.

Vanquished Creatures
  A phantom (D:4)
  3 scorpions (Ossuary)
  A centaur zombie (Ossuary)
  A human zombie (Ossuary)
  A scorpion zombie (Ossuary)
  4 gnolls (D:3)
  3 adders
  3 adder zombies
  2 dart slugs
  2 ribbon worms
  An orc (D:3)
  4 endoplasms
  2 giant cockroaches
  6 goblins
  4 hobgoblins
  3 jackals (D:2)
  3 ball pythons
  A ball python zombie (Ossuary)
  6 bats
  5 frilled lizards
  A jackal zombie (Ossuary)
  5 kobolds
  A rat (D:2)
63 creatures vanquished.

Notes
Turn   | Place    | Note
-------+----------+-------------------------------------------
     0 | D:1      | Ceno the Octopode Shapeshifter began the quest for the Orb.
     0 | D:1      | Reached XP level 1. HP: 13/13 MP: 1/1
   532 | D:2      | Reached skill level 1 in Stealth
   532 | D:2      | Reached XP level 2. HP: 18/18 MP: 2/2
   810 | D:2      | Reached XP level 3. HP: 15/23 MP: 3/3
  1114 | D:2      | Found an iron altar of Okawaru.
  1261 | D:3      | Reached skill level 4 in Shapeshifting
  1302 | D:3      | Reached XP level 4. HP: 28/28 MP: 4/4
  1474 | D:3      | Found a faded altar of an unknown god.
  1916 | D:3      | Reached XP level 5. HP: 33/33 MP: 5/5
  2413 | D:3      | Found an opulent altar of Gozag.
  2460 | D:3      | Became a worshipper of Gozag Ym Sagoz the Greedy
  2552 | D:4      | Noticed a phantom
  2607 | D:4      | Noticed a phantom
  2617 | D:4      | Killed a phantom
  2618 | D:4      | Reached skill level 5 in Shapeshifting
  2759 | D:4      | Found a sand-covered staircase.
  2768 | Ossuary  | Entered an ossuary
  2788 | Ossuary  | Reached XP level 6. HP: 23/38 MP: 6/6
  2924 | Ossuary  | Reached skill level 5 in Stealth
  3230 | Ossuary  | Reached skill level 6 in Shapeshifting
  3230 | Ossuary  | Reached XP level 7. HP: 14/43 MP: 7/7
  3233 | Ossuary  | HP: 2/43 [human zombie (6)]
  3236 | Ossuary  | Slain by a human zombie

Illustrated notes

Levels and vault maps discovered:
D:1:      nicolae_arrival_somewhat_less_tricky_arrival, layout_rooms
D:2:      layout_loops_ring, basic_altar, eino_tiny_chamber
D:3:      layout_basic, amcnicky_altar_gilded,
          dreamdust_ecumenical_altar_angels_and_demons,
          kennysheep_generic_room_13
D:4:      layout_loops_corners, kennysheep_mini_moat, serial_undead,
          serial_undead_e, serial_undead_e, serial_undead_a, serial_undead_e,
          serial_undead_f, enter_ossuary_1
Ossuary:  ossuary_minmay_scorpions

Skill      XL: |  1  2  3  4  5  6 |
---------------+-------------------+-----
Stealth        | 1 2 3 4 5 |  5.7
Shapeshifting  | 4 5 6 |  6.1
Fighting       | |  1.2
Dodging        | |  2.0
Unarmed Combat | |  3.0

Action                     |  1- 3 |  4- 6 |  7- 9 || total
---------------------------+-------+-------+-------++-------
  Melee: Unarmed           |    56 |    88 |     4 ||   148
         Constrict         |    15 |    17 |     2 ||    34
         Tentacles         |    10 |    19 |       ||    29
         Punch             |     3 |     6 |       ||     9
    Use: Potion            |       |       |     3 ||     3
   Stab: Sleeping          |    10 |     6 |       ||    16
         Distracted        |       |     1 |       ||     1
 Armour: Skin              |    15 |    47 |     8 ||    70
  Dodge: Dodged            |    22 |    47 |     6 ||    75

Table legend: (Time is in decaauts)
 A = Elapsed time spent in this place.
 B = Non-inter-level travel time spent in this place.
 C = Inter-level travel time spent in this place.
 D = Time resting spent in this place.
 E = Time spent auto-exploring this place.
 F = Levels seen in this place.
 G = Mean time per level.
                   A        B        C        D        E       F      G
               +--------+--------+--------+--------+--------+-----+--------+
         Total |   3227 |   3131 |     96 |    430 |   2097 |   5 |  645.4 |
       Dungeon |   2762 |   2666 |     96 |     88 |   2097 |   4 |  690.5 |
       Ossuary |    464 |    464 |      0 |    342 |      0 |   1 |  464.0 |
               +--------+--------+--------+--------+--------+-----+--------+

Top non-repeatable levels by time:
     D:3: 1279 daAuts
     D:2: 719 daAuts
     D:1: 519 daAuts
 Ossuary: 464 daAuts
     D:4: 244 daAuts
